 Dungeon Crawl Stone Soup version 0.18-b1-22-ge198996 (webtiles) character file.

6217 Zhenya25pyc the Basher (level 10, -6/65 HPs)
             Began as a Gargoyle Fighter on May 3, 2016.
             Was an Elder of Okawaru.
             Mangled by a hill giant
             ... wielding a +0 giant spiked club
              (33 damage)
             ... on level 10 of the Dungeon.
             The game lasted 00:20:45 (8764 turns).

Zhenya25pyc the Basher (Gargoyle Fighter)           Turns: 8764, Time: 00:20:46

Health: -6/65      AC: 32    Str: 22    XL:     10   Next: 92%
Magic:  11/11      EV: 13    Int:  9    God:    Okawaru [****..]
Gold:   173        SH: 11    Dex: 10    Spells: 0 memorised, 9 levels left

rFire  + . .     SeeInvis .     r - +2 mace (protect)
rCold  + . .     Gourm    .     R - +3 scale mail {rF+}
rNeg   + . .     Faith    .     c - +0 shield
rPois  ∞         Spirit   .     Q - +1 hat
rElec  +         Dismiss  .     u - +2 cloak
rCorr  .         Reflect  .     H - +2 pair of gloves
SustAt .         Harm     .     i - +0 pair of boots
MR     .....                    (no amulet)
Stlth  ..........               o - +4 ring of evasion
                                O - ring of protection from cold

@: not resistant to hostile enchantments, extremely unstealthy
A: negative energy resistance 1, electricity resistance, unbreathing,
petrification resistance, rot immunity, AC +7
a: Heroism, Renounce Religion


You were on level 10 of the Dungeon.
You worshipped Okawaru.
Okawaru was greatly pleased with you.
You were not hungry.

You visited 2 branches of the dungeon, and saw 11 of its levels.

You collected 620 gold pieces.
You spent 447 gold pieces at shops.

Inventory:

Hand Weapons
 r - a +2 mace of protection (weapon)
Armour
 c - a +0 shield (worn)
 i - a +0 pair of boots (worn)
 n - a +0 helmet
 u - a +2 cloak (worn)
 H - a +2 pair of gloves (worn)
 Q - a +1 hat (worn)
 R - a +3 scale mail of fire resistance (worn)
Jewellery
 g - an uncursed ring of poison resistance
 o - a +4 ring of evasion (right hand)
 O - a ring of protection from cold (left hand)
 P - an uncursed ring of resist corrosion
Wands
 a - a wand of digging (7/24)
 q - a wand of flame (38/48)
 G - a wand of iceblast (11/15)
 K - a wand of random effects (30/48)
Scrolls
 b - a scroll of acquirement {unknown}
 e - a scroll of fear {unknown}
 h - 4 scrolls of teleportation
 k - 6 scrolls of remove curse
 s - a scroll of recharging {unknown}
 v - 2 scrolls of identify
 x - a scroll of enchant armour {unknown}
 y - 3 scrolls of noise {unknown}
 z - 3 scrolls of fog {unknown}
 A - 2 scrolls of magic mapping {unknown}
 I - a scroll of enchant weapon {unknown}
 J - a scroll of brand weapon {unknown}
 L - a scroll of random uselessness {unknown}
Potions
 d - 2 potions of might
 j - a potion of heal wounds
 m - a potion of haste {unknown}
 t - a potion of magic
 B - a potion of flight
 D - 6 potions of curing
 E - 2 potions of agility {unknown}
 F - a potion of resistance
 M - a potion of mutation {unknown}
 S - a potion of berserk rage {unknown}
Comestibles
 f - 8 bread rations
 l - 8 beef jerkies
 w - 26 fruits
 C - 4 meat rations


   Skills:
 + Level 8.4 Fighting
 * Level 10.2 Maces & Flails
 + Level 8.3 Armour
 + Level 2.2 Dodging
 + Level 8.2 Shields
 + Level 2.5 Invocations


You had 9 spell levels left.
You didn't know any spells.

Dungeon Overview and Level Annotations

Branches:
Dungeon (10/15)            Temple (1/1) D:5            Lair (0/8) D:8
    Orc (0/2) D:9

Altars:
Cheibriados
Dithmenos
Elyvilon
Fedhas
Gozag
Kikubaaqudgha
Makhleb
Nemelex Xobeh
Okawaru
Pakellas
Qazlal
Ru
Sif Muna
Trog
Vehumet
Xom
Yredelemnul
Zin
The Shining One

Shops:
D:7 ?}[=*

Annotations:
D:8 exclusion: oklob plant


Innate Abilities, Weirdness & Mutations

You are resistant to torment.
Your stone body is resilient (AC +7).
You are immune to poison.
You resist negative energy.
You are resistant to electric shocks.
You can survive without breathing.
You are immune to petrification.
You are immune to rotting.


Message History

There is an open door here.
You closely miss something. Something barely misses you.
Something hits you but does no damage.
Eat which item? (? for menu, Esc to quit)
Something completely misses you.
Mmm...
Yak cheese pizza.
Your surroundings suddenly seem different.
A hill giant comes into view. It is wielding a giant spiked club.
The hill giant shouts!
Found a longbow.
A hill giant is nearby!
You hit the hill giant but do no damage.
The hill giant barely misses you.
You thump the hill giant!
The hill giant is moderately wounded.
You hit the hill giant but do no damage.
The hill giant is moderately wounded.
The hill giant hits you with a giant spiked club!!
Ouch! That really hurt!
You die...

#.. #.. #..
# ########
# #......#
####
#......#
+...
###......#
#...
#...@....#
#####...
#...C....#
........
#........#
........
#........#
........
+........#
........
#.)#######
........
#..
........
#..
...........
...........


You could see a hill giant.

Vanquished Creatures
  The ghost of nikopol the Spear-Bearer, a novice MiBe of Trog (D:9)
  The ghost of unh01y the Covert, a novice OpAs of Dithmenos (D:6)
  The ghost of Chiseanne the Magician, a novice DsWz (D:7)
  A centaur zombie (D:8)
  Grinder (D:5)
  Prince Ribbit (D:6)
  A two-headed ogre (D:8)
  The ghost of Zhenya25pyc the Chopper, an amateur HOFi of Okawaru (D:4)
  A wyvern (D:8)
  A hippogriff (D:7)
  Menkaure (D:5)
  Duvessa (D:5)
  2 ice beasts
  An orc warrior (D:9)
  3 ogres
  5 centaurs
  A big kobold (D:10)
  5 giant frogs
  Dowan (D:5)
  2 scorpions (D:6)
  3 wights (D:7)
  10 killer bees
  A howler monkey (D:6)
  5 crimson imps
  A jelly (D:7)
  A giant frog zombie (D:5)
  A quasit (D:9)
  3 orc priests
  6 hounds
  Crazy Yiuf (D:2)
  2 giant frog skeletons
  3 iguanas
  Ijyb (D:3)
  4 worker ants
  2 orc wizards
  Terence (D:3)
  A hound zombie (D:5)
  A hound skeleton (D:7)
  2 worker ant zombies (D:9)
  Robin (D:2)
  13 adders
  3 shadow imps
  An ooze (D:5)
  An adder skeleton (D:9)
  4 worms
  4 dart slugs
  4 giant geckos
  27 orcs
  A ball python (D:3)
  5 giant cockroaches
  7 hobgoblins
  2 jackals (D:10)
  11 kobolds
  7 quokkas
  9 bats
  6 giant newts
  13 goblins
  A jackal skeleton (D:6)
  A quokka zombie (D:5)
  5 rats
207 creatures vanquished.

Vanquished Creatures (others)
  11 toadstools (D:8)
11 creatures vanquished.

Grand Total: 218 creatures vanquished

Notes
Turn   | Place    | Note
--------------------------------------------------------------
     0 | D:1      | Zhenya25pyc the Gargoyle Fighter began the quest for the Orb.
     0 | D:1      | Reached XP level 1. HP: 14/14 MP: 1/1
   285 | D:1      | Reached XP level 2. HP: 16/19 MP: 2/2
   779 | D:1      | Reached XP level 3. HP: 22/23 MP: 3/3
   850 | D:2      | Reached skill level 3 in Maces & Flails
   945 | D:2      | Reached XP level 4. HP: 19/29 MP: 4/4
  1137 | D:2      | Noticed Robin
  1138 | D:2      | Found a basalt altar of Yredelemnul.
  1161 | D:2      | Killed Robin
  1494 | D:2      | Noticed Crazy Yiuf
  1503 | D:2      | Killed Crazy Yiuf
  1503 | D:2      | Reached skill level 4 in Maces & Flails
  1503 | D:2      | Reached XP level 5. HP: 28/33 MP: 5/5
  1664 | D:3      | Noticed Ijyb
  1679 | D:3      | Killed Ijyb
  1711 | D:3      | Noticed Terence
  1721 | D:3      | Killed Terence
  1756 | D:3      | Found an iron altar of Okawaru.
  1770 | D:3      | Reached XP level 6. HP: 32/38 MP: 6/6
  1773 | D:3      | Became a worshipper of Warmaster Okawaru
  2068 | D:3      | Found a sparkling altar of Nemelex Xobeh.
  2180 | D:3      | Found a glowing silver altar of Zin.
  2497 | D:4      | Found a snail-covered altar of Cheibriados.
  2867 | D:4      | Noticed Zhenya25pyc's ghost (amateur HOFi)
  2887 | D:4      | Killed Zhenya25pyc's ghost
  2887 | D:4      | Reached skill level 5 in Maces & Flails
  2887 | D:4      | Reached XP level 7. HP: 30/44 MP: 7/7
  3172 | D:4      | Reached * piety under Okawaru
  3172 | D:4      | Reached skill level 5 in Fighting
  3423 | D:4      | Reached skill level 5 in Shields
  3437 | D:5      | Entered Level 5 of the Dungeon
  3453 | D:5      | Noticed Grinder
  3471 | D:5      | Paralysed by Grinder for 2 turns
  3482 | D:5      | Killed Grinder
  3482 | D:5      | Reached skill level 6 in Maces & Flails
  3482 | D:5      | Reached skill level 5 in Armour
  3482 | D:5      | Reached XP level 8. HP: 29/50 MP: 8/8
  3620 | D:5      | Found a staircase to the Ecumenical Temple.
  3658 | D:5      | Noticed Duvessa
  3660 | D:5      | Noticed Dowan
  3673 | D:5      | Killed Duvessa
  3714 | D:5      | Killed Dowan
  3727 | Temple   | Entered the Ecumenical Temple
  3907 | D:5      | Found an oddly glowing altar of Pakellas.
  4320 | D:5      | Noticed Menkaure
  4333 | D:5      | Killed Menkaure
  4333 | D:5      | Reached skill level 7 in Maces & Flails
  4632 | D:5      | Reached ** piety under Okawaru
  4810 | D:6      | Noticed unh01y's ghost (novice OpAs)
  4834 | D:6      | Killed unh01y's ghost
  4834 | D:6      | Reached XP level 9. HP: 56/56 MP: 9/9
  4873 | D:6      | Reached skill level 8 in Maces & Flails
  5020 | D:6      | Reached *** piety under Okawaru
  5120 | D:6      | Noticed Prince Ribbit
  5129 | D:6      | Killed Prince Ribbit
  5134 | D:6      | Found a burning altar of Makhleb.
  5405 | D:7      | Found Jutrog's General Store.
  5408 | D:7      | Bought a +3 scale mail of fire resistance for 364 gold pieces
  5408 | D:7      | Bought a scroll of identify for 28 gold pieces
  5438 | D:7      | Found Xessoag's Jewellery Shoppe.
  5514 | D:7      | Found Manil's Magic Scroll Boutique.
  5527 | D:7      | Bought a scroll of identify for 22 gold pieces
  5527 | D:7      | Bought a scroll of teleportation for 33 gold pieces
  5577 | D:7      | Found Juogam's Gadget Shoppe.
  5584 | D:7      | Noticed Chiseanne's ghost (novice DsWz)
  5619 | D:7      | Killed Chiseanne's ghost
  5619 | D:7      | Reached skill level 9 in Maces & Flails
  5623 | D:7      | Reached XP level 10. HP: 46/63 MP: 10/10
  5742 | D:7      | Reached **** piety under Okawaru
  5797 | D:7      | Found Cisoz's Armour Emporium.
  5969 | D:8      | Found a staircase to the Lair.
  6291 | D:8      | Got a dazzling ring mail
  6311 | D:8      | Identified the cursed +0 ring mail of Fun and Games {rPois} (You found it on level 8 of the Dungeon)
  6336 | D:8      | Found a blossoming altar of Fedhas.
  6347 | D:8      | Noticed an oklob plant
  6600 | D:8      | Reached skill level 1 in Invocations
  6799 | D:8      | Found an ancient bone altar of Kikubaaqudgha.
  6799 | D:8      | Found a bloodstained altar of Trog.
  7054 | D:8      | Reached skill level 1 in Dodging
  7313 | D:9      | Found a radiant altar of Vehumet.
  7364 | D:9      | Found a staircase to the Orcish Mines.
  7894 | D:9      | Found a glowing golden altar of the Shining One.
  8002 | D:9      | Noticed nikopol's ghost (novice MiBe)
  8032 | D:9      | HP: 2/64 [nikopol's ghost (2)]
  8039 | D:9      | HP: 3/64 [nikopol's ghost (1)]
  8044 | D:9      | Killed nikopol's ghost
  8044 | D:9      | Reached skill level 10 in Maces & Flails
  8349 | D:9      | Found a deep blue altar of Sif Muna.
  8465 | D:10     | Entered Level 10 of the Dungeon
  8759 | D:10     | Noticed a hill giant
  8764 | D:10     | Mangled by a hill giant

Skill      XL: |  1  2  3  4  5  6  7  8  9 10 |
---------------+-------------------------------+-----
Maces & Flails | 3 4 5 6 7 9 10 | 10.2
Fighting       | 4 5 6 7 8 |  8.4
Shields        | 4 5 6 7 8 |  8.2
Armour         | 4 5 6 7 8 |  8.3
Invocations    | 2 |  2.5
Dodging        | 2 |  2.2

Action                   |  1- 3 |  4- 6 |  7- 9 | 10-12 || total
-------------------------+-------+-------+-------+-------++-------
Melee: Flail             |   181 |    87 |       |       ||   268
       Mace              |       |   114 |   412 |   428 ||   954
Invok: Heroism           |       |       |     1 |     1 ||     2
  Use: Scroll            |       |       |     8 |     2 ||    10
       Potion            |       |       |       |     1 ||     1
  Eat: Chunk             |       |     6 |    11 |     8 ||    25
       Pizza             |       |       |       |     2 ||     2
Armor: Scale mail        |   121 |    88 |   293 |   302 ||   804
Dodge: Dodged            |    70 |    91 |   278 |   237 ||   676
Block: Shield            |   121 |   104 |   294 |   278 ||   797
